 Dungeon Crawl Stone Soup version 0.28.0-1-gb440e238dd (webtiles) character file.

Game seed: 7312021226281537497

196 Kaptain the Digger (level 5, -5/33 HPs)
             Began as an Octopode Earth Elementalist on Feb 21, 2022.
             Killed by divine providence
             ... invoked by an orc priest
              (14 damage)
             ... on level 4 of the Dungeon.
             The game lasted 00:07:05 (3798 turns).

Kaptain the Digger (Octopode Earth Elementalist)    Turns: 3798, Time: 00:07:06

Health: -5/33      AC:  1    Str:  7    XL:     5   Next: 74%
Magic:  9/9        EV: 28    Int: 20    God:
Gold:   125        SH:  0    Dex: 12    Spells: 6/10 levels left

rFire   . . .      SeeInvis .   m - +0 hunting sling
rCold   . . .      Faith    .   (no shield)
rNeg    . . .      Spirit   .   (helmet restricted)
rPois   .          Reflect  .   o - amulet of the acrobat
rElec   .          Harm     .   (no ring)
rCorr   .          Rampage  .   (no ring)
Will    .....                   (no ring)
Stlth   +++.......              (no ring)
HPRegen 0.11/turn               (no ring)
MPRegen 0.11/turn               (no ring)
                                (no ring)
                                (no ring)

@: acrobatic
A: almost no armour, amphibious, 8 rings, camouflage 1, gelatinous body 1,
(nimble swimmer 1), tentacles
a: no special abilities


You were on level 4 of the Dungeon.
You visited 1 branch of the dungeon, and saw 4 of its levels.

You collected 125 gold pieces.

Inventory:

Hand Weapons
 i - a +0 spear
 k - a +0 short sword
 m - a +0 hunting sling (weapon)
 r - a +2 flail of holy wrath
Missiles
 b - 53 stones
 j - 60 sling bullets (quivered ammo)
Magical Staves
 s - a staff of fire
Jewellery
 o - an amulet of the acrobat (around mantle)
Scrolls
 c - 2 scrolls of noise {unknown}
 d - a scroll of blinking {unknown}
 e - a scroll of magic mapping {unknown}
 f - a scroll of amnesia {unknown}
 g - 2 scrolls of identify {unknown}
 n - a scroll of fog {unknown}
 p - a scroll of fear {unknown}
Potions
 h - a potion of flight {unknown}
 l - a potion of degeneration {unknown}
 q - a potion of cancellation {unknown}
 t - a potion of invisibility {unknown}


   Skills:
 + Level 1.1 Fighting
 + Level 2.8 Dodging
 + Level 3.8 Stealth
 * Level 3.0 Spellcasting
 * Level 1.8 Conjurations
 - Level 1.4 Transmutations
 * Level 3.8 Earth Magic


You had 6 spell levels left.
You knew the following spells:

 Your Spells              Type           Power      Damage    Failure   Level
a - Sandblast             Erth           36%        2d10      3%          1
b - Stone Arrow           Conj/Erth      28%        3d8       13%         3

Your spell library contained the following spells:

 Spells                   Type           Power      Damage    Failure   Level
 Passwall                 Tmut/Erth      10%        N/A       7%          2
 Beastly Appendage        Tmut           16%        N/A       8%          1
 Wereblood                Tmut           8%         N/A       12%         2
 Spider Form              Tmut/Pois      6%         N/A       30%         3
 Call Canine Familiar     Summ           3%         N/A       38%         3
 Portal Projectile        Hex/Tloc       6%         N/A       38%         3
 Petrify                  Tmut/Erth      13%        N/A       43%         4
 Leda's Liquefaction      Hex/Erth       5%         N/A       54%         4
 Blade Hands              Tmut           4%         N/A       91%         5
 Iron Shot                Conj/Erth      7%         9d2       100%        6
 Animate Armour           Summ/Erth      Unusable   N/A       N/A         4

Dungeon Overview and Level Annotations

Branches:
Dungeon (4/15)
 Temple: D:4-7

Altars:
Cheibriados
Makhleb
Nemelex Xobeh
Qazlal
Wu Jian


Innate Abilities, Weirdness & Mutations

You cannot wear most types of armour.
You are amphibious.
You can wear up to eight rings at the same time.
Your skin changes colour to match your surroundings (Stealth+).
Your rubbery body absorbs attacks. (AC +1, EV +1)
((You are camouflaged when in or above water. (Stealth+)))
You have tentacles for arms and can constrict up to eight enemies at once.


Message History

Unknown command.
Unknown command.
Unknown command.
Okay, then.
The orc shouts!
The orc completely misses you.
A ball python comes into view.
The ball python moves out of view.
The orc priest invokes the aid of Beogh against you.
Beogh smites you!
Unknown command.
The orc priest looks satisfied for a moment.
The orc priest calls upon Beogh to heal the orc warrior.
The orc warrior's wounds heal themselves!
The orc priest hits you with a +0 flail.
Casting: Sandblast (safe; 3% risk of failure)
Confirm with . or Enter, or press ? or * to list all spells.
Aiming: Sandblast (safe; 3% risk of failure)
Press: ? - help, Shift-Dir - straight line, f/p - orc warrior
Aim: an orc warrior, wielding a +0 mace and wearing a +0 chain mail (77% to hit)
The blast of sand hits the orc!!
You kill the orc!
b - 53 stones Unknown command.
Okay, then.
The orc priest miscasts a cantrip.
A goblin comes into view. It is wielding a +0 dagger.
The goblin shouts!
The orc priest mumbles some strange prayers to Beogh against you.
Beogh smites you!
* * * LOW HITPOINT WARNING * * *
The goblin barely misses you.
It was a potion of heal wounds.
You feel much better. The goblin misses you.
The orc priest mumbles some strange prayers to Beogh against you.
Beogh smites you!
* * * LOW HITPOINT WARNING * * *
The orc priest miscasts a cantrip.
The orc priest calls down the wrath of Beogh upon you.
Beogh smites you!
You die...

......# #............ #####.#
#.########### #.# #.#
#.###############.#########
#.....)†..........##......#
####################......#
#......# .#
###############......## ...
.......@.g...oo........ #.#
####.##########......## #.# #.#
#........ #.# #.# #......##
#.###########.##########o##.###
#.#..............).oo........#
.†..#########.###########....#
....#.......o...o............#
..#.#.#######.##........######


You could see an orc warrior, an orc priest and a goblin.

Vanquished Creatures
  A howler monkey (D:4)
  7 gnolls
  2 adders
  3 dart slugs
  4 orcs
  4 endoplasms
  A giant cockroach (D:4)
  6 hobgoblins
  2 kobolds (D:1)
  5 quokkas
  8 ball pythons
  7 bats
  2 frilled lizards
  7 goblins
  3 rats
62 creatures vanquished.

Notes
Turn   | Place    | Note
-------+----------+-------------------------------------------
     0 | D:1      | Kaptain the Octopode Earth Elementalist began the quest for
                  | the Orb.
     0 | D:1      | Reached XP level 1. HP: 11/11 MP: 3/3
   359 | D:1      | Reached XP level 2. HP: 17/17 MP: 5/5
   631 | D:1      | Found a faded altar of an unknown god.
   814 | D:1      | Reached XP level 3. HP: 21/21 MP: 6/6
   818 | D:1      | Learned a level 3 spell: Stone Arrow
  2257 | D:3      | Found a burning altar of Makhleb.
  2258 | D:3      | Found a stormy altar of Qazlal.
  2263 | D:3      | Found an ornate altar of the Wu Jian Council.
  2263 | D:3      | Found a snail-covered altar of Cheibriados.
  2298 | D:3      | Reached XP level 4. HP: 27/27 MP: 7/7
  2484 | D:3      | Reached skill level 1 in Conjurations
  3357 | D:4      | Found a sparkling altar of Nemelex Xobeh.
  3491 | D:4      | Reached XP level 5. HP: 32/32 MP: 6/9
  3640 | D:4      | Reached skill level 1 in Fighting
  3684 | D:4      | Noticed an orc warrior
  3798 | D:4      | Killed from afar by an orc priest

Illustrated notes

Levels and vault maps discovered:
D:1:      mrwooster_arrival_statue_2, layout_loops_corners,
          shapermc_ecumenical_altar_acropolis, minivault_27,
          kennysheep_nondescript
D:2:      layout_loops_corners
D:3:      layout_loops_cross, grunt_temple_overflow_open
D:4:      layout_basic, nemelex_diamond_rough_becter, temple_green

Skill      XL: |  1  2  3  4  5 |
---------------+----------------+-----
Stealth        | 3 |  3.8
Conjurations   | 1 |  1.8
Fighting       | 1 |  1.1
Spellcasting   | 3 |  3.0
Dodging        | |  2.8
Transmutations | |  1.4
Earth Magic    | |  3.8

Action                   |  1- 3 |  4- 6 || total
-------------------------+-------+-------++-------
Melee: Dagger            |    34 |       ||    34
       Unarmed           |     4 |       ||     4
       Tentacles         |     7 |       ||     7
       Constrict         |    10 |       ||    10
       Short sword       |     8 |       ||     8
 Fire: Hunting sling     |     3 |    39 ||    42
 Cast: Sandblast         |    13 |    32 ||    45
  Use: Potion            |       |     1 ||     1
 Stab: Sleeping          |    20 |       ||    20
Armor: Skin              |     7 |     1 ||     8
Dodge: Dodged            |    20 |     9 ||    29
